 Dungeon Crawl Stone Soup version 0.29-a0-823-gc37b1572da (webtiles) character file.

Game seed: 7649937437039712131

111324 zishaf the Fighter (level 17, -5/140 HPs)
             Began as a Human Necromancer on July 7, 2022.
             Was the Champion of Kikubaaqudgha.
             Splashed by a goliath frog's acid (7 damage)
             ... called by a spriggan druid
             ... on level 2 of the Swamp on July 8, 2022.
             The game lasted 01:40:21 (31877 turns).

zishaf the Fighter (Human Necromancer)             Turns: 31877, Time: 01:40:22

Health: -5/140     AC: 15    Str:  8    XL:     17   Next: 12%
Magic:  1/30       EV:  9    Int: 26    God:    Kikubaaqudgha [******]
Gold:   921        SH: 15    Dex: 11    Spells: 5/35 levels left

rFire   + + +      SeeInvis .   b - staff of death
rCold   + + +      Faith    .   U - +5 kite shield {reflect}
rNeg    + . .      Spirit   .   m - +4 ring mail of the Bulwark {Rampage +Inv rC+++ Dex-4}
rPois   +          Reflect  +   l - +2 helmet
rElec   +          Harm     .   W - +0 cloak {rF+}
rCorr   .          Rampage  +   r - +2 pair of gloves {hurl}
Will    +....                   G - +2 pair of boots {Fly}
Stlth   +.........              o - amulet of magic regeneration
HPRegen 0.33/turn               P - ring "Jox Puymm" {*Slow rElec rPois rF+ AC+4}
MPRegen 0.62/turn               O - ring "Tiwkycko" {Wiz rF+ Int+3}

@: corroded, flying, very slightly contaminated, studying Staves
A: cold resistance 1, evolution 1, sturdy frame 1
a: Renounce Religion, Evoke Invisibility, Unearth Wretches, Torment


You were on level 2 of the Swamp.
You worshipped Kikubaaqudgha.
Kikubaaqudgha was exalted by your worship.
You visited 5 branches of the dungeon, and saw 26 of its levels.
You also visited: Gauntlet and Volcano.

You collected 3084 gold pieces.
You spent 2163 gold pieces at shops.

Inventory:

Hand Weapons
 a - the +7 rapier "Jellybane" {speed, rPois}
   (You found it on level 13 of the Dungeon)

   Attacks with this weapon are significantly faster.
   rPois:     It protects you from poison.
Armour
 l - a +2 helmet (worn)
 m - the +4 ring mail of the Bulwark (worn) {Rampage +Inv rC+++ Dex-4}
   (You bought it in a shop on level 2 of the Orcish Mines)

   Dex:       It affects your dexterity (-4).
   rC:        It renders you almost immune to cold.
   +Inv:      It lets you turn invisible.
   Rampage:   It bestows one free step when moving towards enemies.
 r - a +2 pair of gloves of hurling (worn)
 F - +0 acid dragon scales
 G - a +2 pair of boots of flying (worn)
 T - a +0 helmet of see invisible
 U - a +5 kite shield of reflection (worn)
 W - a +0 cloak of fire resistance (worn)
 X - a scarf of resistance
Magical Staves
 b - a staff of death (weapon)
Jewellery
 d - a ring of protection from fire
 o - an amulet of magic regeneration (around neck)
 p - a ring of protection from cold
 v - a ring of see invisible
 O - the ring "Tiwkycko" (right hand) {Wiz rF+ Int+3}
   (You found it on level 6 of the Lair of Beasts)

   [ring of wizardry]

   It improves your spell success rate.
   Int:       It affects your intelligence (+3).
   rF:        It protects you from fire.
 P - the ring "Jox Puymm" (left hand) {*Slow rElec rPois rF+ AC+4}
   (You found it in a Gauntlet)

   [ring of protection]

   AC:        It affects your AC (+4).
   rF:        It protects you from fire.
   rElec:     It insulates you from electricity.
   rPois:     It protects you from poison.
   *Slow:     It may slow you when you take damage.
Wands
 n - a wand of quicksilver (3)
 t - a wand of charming (26)
 A - a wand of digging (7)
 D - a wand of polymorph (20)
 H - a wand of flame (24)
 I - a wand of iceblast (20)
 S - a wand of mindburst (16)
Scrolls
 c - 4 scrolls of identify
 f - a scroll of fear
 g - 2 scrolls of poison
 i - 2 scrolls of summoning
 j - 9 scrolls of teleportation
 k - 6 scrolls of fog
 w - a scroll of silence
 y - 4 scrolls of blinking
 M - 2 scrolls of immolation
 N - 2 scrolls of enchant weapon
 Y - 3 scrolls of amnesia
Potions
 e - 3 potions of might
 h - 12 potions of curing
 s - 3 potions of heal wounds
 u - 6 potions of resistance
 x - 5 potions of ambrosia
 B - 3 potions of invisibility
 C - a potion of cancellation
 E - 4 potions of mutation
 J - 3 potions of lignification
 K - 7 potions of magic
 Q - 2 potions of berserk rage
 V - a potion of brilliance
 Z - 4 potions of haste
Miscellaneous
 q - a phantom mirror
 L - a condenser vane


   Skills:
 + Level 14.8 Fighting
 - Level 2.0 Dodging
 - Level 2.0 Stealth
 - Level 8.0 Shields
 + Level 9.5 Spellcasting
 + Level 14.8 Necromancy
 + Level 7.1 Transmutations
 + Level 14.1 Earth Magic
 - Level 7.0 Evocations


You had 5 spell levels left.
You knew the following spells:

 Your Spells              Type           Power      Damage    Failure   Level
a - Necrotise             Necr           100%       1d9       1%          1
b - Vampiric Draining     Necr           94%        2d12      1%          3
c - Lee's Rapid Deconstr  Erth           36%        3d19*     1%          5
d - Dispel Undead         Necr           94%        3d30      1%          4
e - Borgnjor's Vile Clut  Necr/Erth      46%        N/A       1%          5
f - Statue Form           Tmut/Erth      40%        N/A       16%         6
A - Animate Dead          Necr           94%        N/A       1%          4
B - Sublimation of Blood  Necr           94%        N/A       1%          2

Your spell library contained the following spells:

 Spells                   Type           Power      Damage    Failure   Level
 Agony                    Necr           94%        N/A       1%          5
 Anguish                  Hex/Necr       33%        N/A       4%          4
 Leda's Liquefaction      Hex/Erth       24%        N/A       4%          4
 Apportation              Tloc           24%        N/A       9%          1
 Freeze                   Ice            48%        1d7       9%          1
 Summon Small Mammal      Summ           48%        N/A       9%          1
 Corpse Rot               Necr/Pois/Air  54%        N/A       12%         4
 Scorch                   Fire           24%        2d6       13%         2
 Blade Hands              Tmut           24%        N/A       13%         5
 Confusing Touch          Hex            12%        N/A       26%         3
 Frozen Ramparts          Ice            24%        1d4       26%         3
 Portal Projectile        Hex/Tloc       24%        N/A       26%         3
 Summon Guardian Golem    Hex/Summ       12%        N/A       26%         3
 Tukima's Dance           Hex            12%        N/A       26%         3
 Yara's Violent Unravell  Hex/Tmut       15%        3d8       45%         5
 Flame Wave               Conj/Fire      12%        2d6       61%         4
 Fulminant Prism          Conj/Hex       6%         3d7       61%         4
 Hailstorm                Conj/Ice       12%        3d5       61%         4
 Iskenderun's Mystic Bla  Conj/Tloc      12%        2d5       61%         4
 Metabolic Englaciation   Hex/Ice        6%         N/A       90%         5
 Summon Forest            Summ/Tloc      6%         N/A       90%         5
 Summon Mana Viper        Hex/Summ       12%        N/A       90%         5
 Simulacrum               Ice/Necr       33%        N/A       50%         6
 Borgnjor's Revivificati  Necr           47%        N/A       75%         8
 Infestation              Necr           47%        N/A       75%         8
 Haunt                    Necr/Summ      33%        N/A       96%         7
 Necromutation            Tmut/Necr      40%        N/A       99%         8
 Summon Cactus Giant      Summ           6%         N/A       100%        6
 Enfeeble                 Hex            6%         N/A       100%        7
 Orb of Destruction       Conj           6%         9d6       100%        7
 Spellforged Servitor     Conj/Summ      6%         N/A       100%        7
 Death's Door             Necr           47%        N/A       100%        9
 Polar Vortex             Ice            6%         N/A       100%        9


Dungeon Overview and Level Annotations

Branches:
Dungeon (15/15)            Temple (1/1) D:5            Lair (6/6) D:11
  Swamp (2/4) Lair:4        Snake (0/4) Lair:2        Slime (0/5) Lair:5
    Orc (2/2) D:11            Elf (0/3) Orc:2        Vaults (0/5) D:13
 Depths (0/4) D:15        Volcano (visited)         Gauntlet (visited)

Altars:
Cheibriados
Dithmenos
Elyvilon
Fedhas
Gozag
Hepliaklqana
Kikubaaqudgha
Makhleb
Nemelex Xobeh
Okawaru
Qazlal
Ru
Sif Muna
Uskayaw
Vehumet
Xom
Zin
Jiyva

Shops:
D:2 [   D:4 (   D:8 [   D:9 =   D:10 !   D:13 !   Orc:2 [=*[(


Innate Abilities, Weirdness & Mutations

Your flesh is cold resistant. (rC+)
You have hidden genetic potential.
Your movements are slightly less encumbered by armour. (ER -2)


Message History

The tyrant leech struggles to escape constriction.
The zombie hands constrict the tyrant leech!!
The bunyip howls a warning cry!
The tyrant leech struggles to escape constriction.
The goliath frog hits you from afar.
You are splashed with acid!
You hear a shout! x3
As you read the scroll of fear, it crumbles to dust.
You assume a fearsome visage.
The goliath frog resists with almost no effort.
The goliath frog looks frightened!
The bunyip looks frightened!
The spriggan druid resists with almost no effort.
The tyrant leech looks frightened!
The swamp worm looks frightened!
The tyrant leech looks frightened!
The zombie hands constrict the tyrant leech!!
You kill the tyrant leech!
Kikubaaqudgha accepts your kill. You block the goliath frog's attack.
Casting: Borgnjor's Vile Clutch (mildly dangerous; 1% risk of failure)
Confirm with . or Enter, or press ? or * to list all spells.
You don't have enough magic to cast this spell.
The goliath frog hits you but does no damage.
The spriggan druid barely misses you.
The spriggan druid attacks as you move away!
The spriggan druid barely misses you.
The spriggan druid gestures at you while chanting.
The stone arrow hits you!!!
* * * LOW HITPOINT WARNING * * *
Casting: Borgnjor's Vile Clutch (mildly dangerous; 1% risk of failure)
Confirm with . or Enter, or press ? or * to list all spells.
Aiming: Borgnjor's Vile Clutch (mildly dangerous; 1% risk of failure)
Press: ? - help, Shift-Dir - straight line, f - spriggan druid
Aim: a spriggan druid, wielding a +0 quarterstaff and wearing a +0 robe (moderately wounded, 100% to hit)
You feel a surge of power!
Zombie hands grab the spriggan druid.
The zombie hands constrict the spriggan druid.
The goliath frog hits you from afar!
* * * LOW HITPOINT WARNING * * *
You are splashed with acid!
You die...
Kikubaaqudgha rasps: "You have failed me!
Welcome... death!"

♣♣♣♣♣♣ ♣
♣♣♣♣♣†..≈♣♣♣♣♣♣♣♣
.≈♣≈.wx≈≈≈≈..≈F♣♣≈♣♣♣♣♣
.....§≈≈≈≈≈≈≈≈i.@..♣..♣♣
.≈§≈≈≈≈≈≈≈≈≈.≈♣♣...≈...♣
≈≈≈≈)≈≈≈≈≈≈≈.≈...>.≈♣♣♣♣
.≈≈≈≈≈≈≈≈≈≈≈.≈≈≈≈≈..♣♣
≈≈≈≈≈≈§≈≈≈≈≈≈≈≈≈≈≈≈.≈♣
≈≈§.≈≈≈≈≈≈≈..≈≈≈≈≈≈≈)♣
.§≈≈≈≈≈≈≈≈≈.≈.≈≈≈(...♣♣♣
≈≈≈≈≈≈≈≈≈≈≈.♣♣....♣..<.♣
♣♣♣♣♣♣.≈≈≈.≈♣


You could see a spriggan druid (clutched) and a goliath frog.

Vanquished Creatures
  Rupert (D:12)
  Gastronok (Lair:1)
  2 orc warlords (Orc:2)
  An eleionoma (Swamp:1)
  A minotaur (Gauntlet)
  2 fire dragons
  8 hydras
  Josephine (D:13)
  3 vault guards
  2 boulder beetles
  9 two-headed ogres
  3 centaur warriors
  3 alligators (Swamp:1)
  3 tengu warriors (D:13)
  A hell hog (Volcano)
  7 death yaks
  Urug (Orc:1)
  Sonja (Lair:3)
  3 orc high priests (Orc:2)
  A spriggan druid (Swamp:1)
  3 goliath frogs (Swamp:1)
  2 swamp dragons
  A bog body (Swamp:1)
  A wizard (D:15)
  6 orc knights
  4 lindwurms (Lair:6)
  A necromancer (D:15)
  A deep elf pyromancer (D:12)
  An oklob plant (Lair:4)
  12 orc sorcerers
  A will-o-the-wisp (Swamp:1)
  3 cyclopes
  14 ugly things
  A manticore (D:12)
  Maurice (D:8)
  A guardian serpent (shapeshifter) (D:13)
  A centaur zombie (D:15)
  7 black mambas
  An elephant (shapeshifter) (D:14)
  A torpor snail (Lair:5)
  3 molten gargoyles
  A gargoyle (D:12)
  2 centaur skeletons (D:15)
  A komodo dragon (shapeshifter) (D:13)
  13 cane toads
  A yaktaur (shapeshifter) (D:13)
  A kobold demonologist (D:12)
  17 komodo dragons
  2 bloated husks (Swamp:1)
  A tengu conjurer (D:13)
  An efreet (D:14)
  A queen bee (D:13)
  11 trolls
  3 meliai (D:13)
  7 hornets
  2 tyrant leeches
  A polar bear (Lair:5)
  10 slime creatures
  17 blink frogs
  7 spriggans
  3 centaur simulacra
  8 wraiths
  A shadow (D:9)
  2 water elementals (D:14)
  3 wyverns
  52 yaks
  6 fire bats (Volcano)
  Eustachio (D:4)
  6 steam dragons
  15 vampire mosquitoes
  5 basilisks
  Grum (D:9)
  4 wargs
  Edmund (D:4)
  3 acid dragons
  6 swamp worms
  13 water moccasins
  6 hell hounds
  39 orc warriors
  2 sky beasts
  An ice beast (D:4)
  7 ogres
  2 wolves (D:9)
  2 black bears
  12 centaurs
  3 kobold brigands
  12 bullfrogs
  2 necrophages
  A gnoll sergeant (D:5)
  4 wights (D:8)
  24 killer bees
  6 howler monkeys
  An electric eel (Lair:6)
  11 lava snakes
  2 hounds
  A jelly (D:7)
  28 orc priests
  Jessica (D:2)
  4 iguanas
  Ijyb (D:5)
  19 orc wizards
  Terence (D:2)
  A hound skeleton (D:8)
  11 gnolls
  5 adders
  3 ufetubi
  4 dart slugs
  71 orcs
  6 ball pythons
  8 bats
  6 endoplasms
  4 giant cockroaches
  8 goblins
  2 hobgoblins
  6 quokkas
  2 frilled lizards (D:2)
  15 kobolds
  4 rats
697 creatures vanquished.

Vanquished Creatures (collateral kills)
  2 death yaks (Gauntlet)
  A necromancer (Gauntlet)
  A wraith (D:13)
  A warg (Orc:1)
  An orc wizard (Orc:1)
  An adder (D:2)
  A gnoll (D:5)
  An orc (Orc:1)
  2 bats
  A rat (D:1)
12 creatures vanquished.

Vanquished Creatures (others)
  A raiju (Gauntlet)
  A warg (Orc:1)
  An ogre (Orc:1)
  A warg zombie (Orc:1)
  2 orc wizards
  An ogre zombie (Orc:1)
  An orc (Orc:2)
  8 orc zombies (Orc:1)
  22 foxfires (Swamp:1)
  7 fungi
  12 plants
57 creatures vanquished.

Grand Total: 766 creatures vanquished

Notes
Turn   | Place    | Note
-------+----------+-------------------------------------------
     0 | D:1      | zishaf the Human Necromancer began the quest for the Orb.
     0 | D:1      | Reached XP level 1. HP: 13/13 MP: 3/3
    50 | D:1      | Reached XP level 2. HP: 14/20 MP: 0/5
   305 | D:1      | Reached skill level 1 in Fighting
   481 | D:1      | Reached XP level 3. HP: 25/26 MP: 2/6
   485 | D:1      | Learned a level 3 spell: Vampiric Draining
   761 | D:2      | Noticed Jessica
   769 | D:2      | Killed Jessica
   770 | D:2      | Reached XP level 4. HP: 5/33 MP: 0/8
  1269 | D:2      | Found Uzau's Antique Armour Shoppe.
  1308 | D:2      | Found a shimmering blue altar of Sif Muna.
  1419 | D:2      | Reached XP level 5. HP: 37/38 MP: 3/9
  1482 | D:2      | Found a faded altar of an unknown god.
  1557 | D:2      | Noticed Terence
  1560 | D:2      | Killed Terence
  1701 | D:3      | Learned a level 4 spell: Animate Dead
  2257 | D:3      | Reached skill level 5 in Necromancy
  2454 | D:2      | Bought a pair of runed gloves for 157 gold pieces
  2533 | D:4      | Found Qomuuth's Weapon Emporium.
  2666 | D:4      | Noticed Edmund
  2711 | D:4      | Killed Edmund
  2712 | D:4      | Reached XP level 6. HP: 13/47 MP: 0/10
  3350 | D:4      | Found a hazy altar of Hepliaklqana.
  3351 | D:4      | Found a shimmering altar of Xom.
  3352 | D:4      | Noticed a spectral ugly thing
  3419 | D:4      | Noticed an ice beast
  3427 | D:4      | Killed an ice beast
  3428 | D:4      | Reached skill level 1 in Evocations
  3428 | D:4      | Reached XP level 7. HP: 54/54 MP: 11/11
  3699 | D:4      | Noticed Eustachio
  3711 | D:4      | Killed Eustachio
  3943 | D:5      | Entered Level 5 of the Dungeon
  4020 | D:5      | Noticed Ijyb
  4033 | D:5      | Killed Ijyb
  4065 | D:5      | Reached XP level 8. HP: 54/61 MP: 4/13
  4154 | D:5      | Found a staircase to the Ecumenical Temple.
  4162 | Temple   | Entered the Ecumenical Temple
  4170 | Temple   | Became a worshipper of Kikubaaqudgha
  4562 | D:5      | Reached skill level 5 in Fighting
  6355 | D:6      | Reached XP level 9. HP: 69/69 MP: 9/15
  7201 | D:2      | Bought a bloodstained leather armour for 147 gold pieces
  7201 | D:2      | Identified the +3 leather armour of the Doldrums {rElec
                  | rPois rF- rC-} (You bought it in a shop on level 2 of the
                  | Dungeon)
  7462 | D:7      | Found a stormy altar of Qazlal.
  7499 | D:6      | Reached skill level 5 in Evocations
  7520 | D:7      | Found a glowing silver altar of Zin.
  7676 | D:6      | Reached * piety under Kikubaaqudgha
  7676 | D:6      | Received a gift from Kikubaaqudgha
  7683 | D:6      | Learned a level 2 spell: Sublimation of Blood
  7877 | D:7      | Found a shadowy altar of Dithmenos.
  8309 | D:8      | Found Recw's Antique Armour Boutique.
  8323 | D:8      | Noticed Maurice
  8335 | D:8      | Killed Maurice
  8336 | D:8      | Reached XP level 10. HP: 40/79 MP: 16/16
  8591 | D:8      | Found a burning altar of Makhleb.
  9229 | D:8      | Reached ** piety under Kikubaaqudgha
  9992 | D:9      | Reached skill level 10 in Necromancy
 10128 | D:9      | Found Awopirgh's Jewellery Emporium.
 10508 | D:8      | Bought a pair of glowing boots for 172 gold pieces
 10520 | D:8      | Learned a level 5 spell: Lee's Rapid Deconstruction
 10554 | D:9      | Found a white marble altar of Elyvilon.
 10656 | D:9      | Noticed Grum
 10687 | D:9      | Reached skill level 1 in Earth Magic
 10687 | D:9      | Reached XP level 11. HP: 83/89 MP: 11/17
 10727 | D:9      | Killed Grum
 11241 | D:10     | Entered Level 10 of the Dungeon
 11259 | D:10     | Found a hide-covered altar of Uskayaw.
 11433 | D:10     | Found Yryaret's Distillery.
 11492 | D:10     | Got the Compilation of Hoarfrost
 11916 | D:10     | Reached skill level 5 in Spellcasting
 12875 | D:10     | Reached *** piety under Kikubaaqudgha
 12875 | D:10     | Received a gift from Kikubaaqudgha
 12883 | D:10     | Learned a level 4 spell: Dispel Undead
 12994 | D:11     | You are sucked into a shaft and drop 3 floors!
 13005 | D:14     | Noticed a green ugly thing
 13006 | D:14     | Noticed a green ugly thing
 13025 | D:14     | Noticed an elephant
 13047 | D:14     | Reached skill level 5 in Earth Magic
 13092 | D:14     | Reached skill level 10 in Fighting
 13114 | D:14     | Noticed a centaur warrior
 13130 | D:14     | Killed a centaur warrior
 13207 | D:13     | Noticed a green ugly thing
 13265 | D:13     | Killed a green ugly thing
 13277 | D:13     | Noticed a tengu warrior
 13278 | D:13     | Noticed a tengu warrior
 13313 | D:13     | Identified the +7 rapier "Jellybane" {speed, rPois}
 13463 | D:13     | Found a gate leading to a gauntlet.
 13478 | Gauntlet | Entered a Gauntlet
 13478 | Gauntlet | Found a transporter.
 13484 | Gauntlet | Noticed a large abomination
 13488 | Gauntlet | Found a transporter.
 13503 | Gauntlet | Found a transporter.
 13508 | Gauntlet | Found a transporter.
 13522 | Gauntlet | Noticed an orange crystal statue
 13523 | Gauntlet | Found a transporter.
 13542 | Gauntlet | Found a transporter.
 13542 | Gauntlet | Noticed an orange crystal statue
 13554 | Gauntlet | Found a transporter.
 13556 | Gauntlet | Noticed a reaper
 13559 | Gauntlet | Found a transporter.
 13572 | Gauntlet | Noticed a death yak
 13574 | Gauntlet | Found a transporter.
 13574 | Gauntlet | Noticed a necromancer
 13575 | Gauntlet | Noticed a death yak
 13575 | Gauntlet | Noticed a death yak
 13575 | Gauntlet | Noticed a death yak
 13577 | Gauntlet | Noticed a death yak
 13586 | Gauntlet | Found a transporter.
 13599 | Gauntlet | Noticed a hell hog
 13602 | Gauntlet | Found a transporter.
 13619 | Gauntlet | Found a transporter.
 13636 | Gauntlet | Found a transporter.
 13638 | Gauntlet | Found a transporter.
 13666 | Gauntlet | Found a transporter.
 13668 | Gauntlet | Found a transporter.
 13752 | Gauntlet | Found a transporter.
 13841 | Gauntlet | Killed a death yak
 13841 | Gauntlet | Killed a death yak
 13842 | Gauntlet | Reached XP level 12. HP: 48/98 MP: 9/20
 13846 | Gauntlet | Killed a death yak
 13849 | Gauntlet | Killed a death yak
 13864 | Gauntlet | Identified the ring "Jox Puymm" {*Slow rElec rPois rF+
                  | AC+4}
 13879 | Gauntlet | Killed a death yak
 13886 | Gauntlet | Identified the +13 chain mail "Maoseaqi" {Dex+3}
 14098 | Gauntlet | Noticed a minotaur
 14141 | Gauntlet | Killed a minotaur
 14442 | D:12     | Noticed a soul eater
 14544 | D:13     | Noticed a centaur warrior
 14590 | D:11     | Noticed a two-headed ogre
 14605 | D:11     | Killed a two-headed ogre
 14701 | D:11     | Noticed a two-headed ogre
 14713 | D:11     | Killed a two-headed ogre
 14950 | D:11     | Found a staircase to the Orcish Mines.
 14955 | D:11     | Found a staircase to the Lair.
 15021 | D:11     | Noticed a two-headed ogre
 15032 | D:11     | Killed a two-headed ogre
 15283 | D:11     | Noticed a two-headed ogre
 15293 | D:11     | Killed a two-headed ogre
 15594 | D:12     | Noticed a two-headed ogre
 15599 | D:12     | Noticed a two-headed ogre
 15600 | D:12     | Killed a two-headed ogre
 15700 | D:12     | Killed a two-headed ogre
 15869 | D:12     | Reached XP level 13. HP: 106/106 MP: 2/23
 15912 | D:12     | Learned a level 5 spell: Borgnjor's Vile Clutch
 16045 | D:12     | Noticed a boulder beetle
 16454 | D:12     | Killed a boulder beetle
 16630 | D:12     | Noticed Rupert
 16647 | D:12     | Killed Rupert
 16647 | D:12     | Reached **** piety under Kikubaaqudgha
 16648 | D:12     | Reached skill level 10 in Earth Magic
 17578 | D:13     | Noticed a vault guard
 17579 | D:13     | Noticed a vault guard
 17580 | D:13     | Noticed a vault guard
 18072 | D:13     | Killed a centaur warrior
 18096 | D:13     | Noticed a vault guard
 18106 | D:13     | Killed a vault guard
 18107 | D:13     | Reached XP level 14. HP: 111/116 MP: 5/25
 18190 | D:13     | Found a gate to the Vaults.
 18418 | D:13     | Noticed Josephine
 18426 | D:13     | Killed Josephine
 18427 | D:13     | Reached skill level 1 in Shields
 18562 | D:13     | Found Pobaises's Distillery.
 19312 | D:14     | Reached ***** piety under Kikubaaqudgha
 19539 | Lair:1   | Entered Level 1 of the Lair of Beasts
 20261 | Lair:1   | Noticed Gastronok
 20282 | Lair:1   | Killed Gastronok
 20798 | Lair:2   | Found a staircase to the Snake Pit.
 20814 | Lair:1   | Learned a level 6 spell: Statue Form
 21022 | Lair:1   | Reached skill level 1 in Transmutations
 21350 | Lair:2   | Reached XP level 15. HP: 94/124 MP: 23/27
 21995 | Lair:3   | Noticed Sonja
 21999 | Lair:3   | Killed Sonja
 22443 | Lair:3   | Reached skill level 5 in Shields
 22950 | Lair:4   | Found a staircase to the Swamp.
 23261 | Lair:4   | Identified the +7 trident of the Eternal Void {vorpal,
                  | Dex+7}
 23891 | Lair:5   | Found a dark tunnel.
 23898 | Volcano  | Entered a volcano
 24024 | Volcano  | Reached ****** piety under Kikubaaqudgha
 24309 | Volcano  | Found a radiant altar of Vehumet.
 24652 | Lair:5   | Found a staircase to the Slime Pits.
 24652 | Lair:5   | Found a viscous altar of Jiyva.
 25456 | Lair:6   | Entered Level 6 of the Lair of Beasts
 26255 | Lair:6   | Reached XP level 16. HP: 133/133 MP: 17/29
 26285 | Lair:6   | Found a large runed translucent door.
 26285 | Lair:6   | Found a large runed translucent door.
 26305 | Lair:6   | Reached skill level 5 in Transmutations
 26812 | Lair:6   | Identified the ring "Tiwkycko" {Wiz rF+ Int+3}
 26947 | Orc:1    | Entered Level 1 of the Orcish Mines
 26972 | Orc:1    | Noticed Urug
 26980 | Orc:1    | Killed Urug
 27535 | Orc:2    | Entered Level 2 of the Orcish Mines
 27555 | Orc:2    | Found Binidoarr's Armour Shoppe.
 27913 | Orc:1    | Upgraded the game from 0.29-a0-821-g66395355a5 to
                  | 0.29-a0-823-gc37b1572da
 29000 | Orc:2    | Found a staircase to the Elven Halls.
 29129 | Orc:2    | Found Sepsuf's General Store.
 29130 | Orc:2    | Found Usefow's Jewellery Boutique.
 29258 | Orc:2    | Found Loffec's Antique Armour Boutique.
 29258 | Orc:2    | Found Mimos's Antique Weapon Shop.
 29393 | Orc:2    | Bought the +4 ring mail of the Bulwark {Rampage +Inv rC+++
                  | Dex-4} for 969 gold pieces
 29487 | Orc:2    | Bought a scroll of summoning for 152 gold pieces
 29487 | Orc:2    | Bought a potion of curing for 48 gold pieces
 29665 | D:13     | Bought a potion of mutation for 112 gold pieces
 29665 | D:13     | Bought a potion of heal wounds for 70 gold pieces
 29665 | D:13     | Bought 2 potions of magic for 224 gold pieces
 29742 | D:10     | Bought a potion of curing for 42 gold pieces
 29742 | D:10     | Bought a potion of heal wounds for 70 gold pieces
 29819 | D:15     | Entered Level 15 of the Dungeon
 29955 | D:15     | Received a gift from Kikubaaqudgha
 30405 | D:15     | Found a staircase to the Depths.
 30406 | D:15     | Gained mutation: Your movements are slightly less
                  | encumbered by armour. (ER -2) [potion of mutation]
 30406 | D:15     | Gained mutation: You have hidden genetic potential. [potion
                  | of mutation]
 30406 | D:15     | Gained mutation: Your flesh is cold resistant. (rC+)
                  | [potion of mutation]
 30791 | Swamp:1  | Entered Level 1 of the Swamp
 31183 | Swamp:1  | Reached XP level 17. HP: 132/140 MP: 21/30
 31877 | Swamp:2  | HP: 2/140 [goliath frog[a spriggan druid] (14)]
 31877 | Swamp:2  | Splashed by a goliath frog's acid

Illustrated notes

Levels and vault maps discovered:
D:1:      scummos_arrival_simple_crosswalls, layout_rooms, grunt_decor_fettered
D:2:      layout_rooms, serial_shops, nicolae_shop_overgrown_old_shop,
          hellmonk_ecumenical_altar_slurped_away, basic_altar, uniq_terence,
          uniq_jessica
D:3:      layout_basic
D:4:      layout_loops_cross, regret_index_temple_of_mockery, serial_shops,
          nicolae_shop_hallway_stairs, uniq_edmund, uniq_eustachio
D:5:      layout_basic, temple_doors_e, minmay_misc_feat_columns, uniq_ijyb
D:6:      layout_basic
D:7:      layout_basic, grunt_temple_overflow_open
D:8:      layout_loops_ring, makhleb_blood_cavern_becter, serial_shops, shop,
          kennysheep_generic_room_15, uniq_maurice
D:9:      layout_loops_cross, elyvilon_altar_1, serial_shops, shop, uniq_grum
D:10:     layout_basic, nicolae_uskayaw_murder_on_the_dancefloor, serial_shops,
          shop
D:11:     layout_cave_pools, david_lair_shrubbed, minivault_21
D:12:     minmay_spotlight, layout_basic, uniq_rupert
D:13:     layout_roguey [special_room_bee], lightli_vaults_fourway_checkpoint,
          gauntlet_entry_generic, serial_shops, kennysheep_mini,
          minmay_fractal_squares_diagonal_5, uniq_josephine
D:14:     layout_rooms, fountainhead
D:15:     grunt_enter_depths_magical_seal, layout_basic
Temple:   eino_temple_lava
Lair:1:   layout_cave_pods, lemuel_fruit_tree, uniq_gastronok
Lair:2:   layout_chaotic_city, dummy_snake_entry
Lair:3:   layout_misc_corridors, uniq_sonja
Lair:4:   cheibrodos_lair_river_kwai, layout_hall_layers,
          minmay_swamp_entry_reptiles, minmay_lair_oklob_bushes,
          grunt_forest_large_clearing_hut
Lair:5:   layout_cave_pods, slime_entry_1, enter_volcano_4
Lair:6:   cheibrodos_lair_end_hotspot, layout_regular_city, wad_woods_river_03,
          nicolae_lair_lindhole
Swamp:1:  layout_basic_swamp, nicolae_swamp_small_spring, swamp_pool4
Swamp:2:  layout_basic_swamp, nicolae_swamp_godswood, infiniplex_staircase_pool
Orc:1:    layout_caves, basic_altar, nicolae_orc_tapped_out, uniq_urug
Orc:2:    st_orc_congregation, layout_diamond_mine, basic_altar, serial_shops,
          shop

Skill      XL: |  1  2  3  4  5  6  7  8  9 10 11 12 13 14 15 16 17 |
---------------+----------------------------------------------------+-----
Fighting       | 1 2 3 4 5 7 9 10 11 12 13 14 | 14.8
Spellcasting   | 3 4 5 6 7 8 9 |  9.5
Necromancy     | 5 6 7 8 10 11 12 13 14 | 14.8
Evocations     | 1 2 4 6 7 |  7.0
Earth Magic    | 1 6 8 11 12 13 14 | 14.1
Shields        | 4 6 8 |  8.0
Transmutations | 1 4 6 7 |  7.1
Dodging        | |  2.0
Stealth        | |  2.0

Action                   |  1- 3 |  4- 6 |  7- 9 | 10-12 | 13-15 | 16-18 || total
-------------------------+-------+-------+-------+-------+-------+-------++-------
Melee: Dagger            |    14 |    19 |   246 |   193 |       |       ||   472
       Punch             |     1 |       |     7 |     3 |     1 |       ||    12
       Rapier            |       |       |       |    13 |       |    15 ||    28
       Staff             |       |       |       |    10 |   214 |   143 ||   367
Throw: Javelin           |       |     8 |    13 |       |       |       ||    21
       Boomerang         |       |     1 |     5 |       |       |       ||     6
 Cast: Necrotise         |    32 |    65 |    18 |    10 |     3 |       ||   128
       Vampiric Draining |       |     6 |    57 |   190 |   154 |    13 ||   420
       Dispel Undead     |       |       |       |     6 |    16 |    13 ||    35
       Lee's Rapid Decon |       |       |       |     6 |     6 |     1 ||    13
       Borgnjor's Vile C |       |       |       |       |   217 |   141 ||   358
       Animate Dead      |       |       |       |       |       |     1 ||     1
Invok: Receive Forbidden |       |       |       |       |       |     1 ||     1
       Unearth Wretches  |       |       |       |       |       |     1 ||     1
Evoke: Wand              |       |     2 |     9 |    22 |     3 |       ||    36
  Use: Scroll            |       |     6 |    11 |     8 |    13 |     4 ||    42
       Potion            |       |       |       |     1 |     1 |     1 ||     3
 Stab: Distracted        |     2 |       |       |       |       |     1 ||     3
       Sleeping          |       |       |       |     3 |       |       ||     3
Armor: Robe              |     6 |    21 |   101 |    53 |       |       ||   181
       Acid dragon scale |       |       |       |   210 |   302 |    91 ||   603
       Ring mail         |       |       |       |       |       |    69 ||    69
Dodge: Dodged            |    28 |    25 |   173 |   308 |   234 |   105 ||   873
Block: Kite shield       |       |       |       |       |   271 |   226 ||   497
       Reflection        |       |       |       |       |    13 |    20 ||    33

Table legend: (Time is in decaauts)
 A = Elapsed time spent in this place.
 B = Non-inter-level travel time spent in this place.
 C = Inter-level travel time spent in this place.
 D = Time resting spent in this place.
 E = Time spent auto-exploring this place.
 F = Levels seen in this place.
 G = Mean time per level.
                   A        B        C        D        E       F      G
               +--------+--------+--------+--------+--------+-----+--------+
         Total |  32131 |  30163 |   1968 |   3611 |  19220 |  28 | 1147.5 |
       Dungeon |  20073 |  18749 |   1324 |   2943 |  11882 |  15 | 1338.2 |
        Temple |     16 |     16 |      0 |      0 |      0 |   1 |   16.0 |
          Lair |   6927 |   6553 |    374 |    269 |   4791 |   6 | 1154.5 |
         Swamp |   1124 |   1111 |     13 |     61 |    729 |   2 |  562.0 |
  Orcish Mines |   2428 |   2172 |    256 |     22 |   1368 |   2 | 1214.0 |
       Volcano |    623 |    623 |      0 |    120 |    166 |   1 |  623.0 |
      Gauntlet |    936 |    936 |      0 |    196 |    283 |   1 |  936.0 |
               +--------+--------+--------+--------+--------+-----+--------+

Top non-repeatable levels by time:
     D:5: 1926 daAuts
    D:13: 1885 daAuts
    D:12: 1883 daAuts
    D:11: 1745 daAuts
  Lair:1: 1666 daAuts
   Orc:2: 1648 daAuts
    D:10: 1597 daAuts
     D:4: 1452 daAuts
     D:6: 1429 daAuts
  Lair:6: 1421 daAuts
     D:8: 1363 daAuts
  Lair:4: 1264 daAuts
     D:9: 1257 daAuts
     D:7: 1178 daAuts
     D:2: 1105 daAuts
